 Dungeon Crawl Stone Soup version 0.29.0-4-gdea44cf6ec (webtiles) character file.

Game seed: 5705146144809761180

12639 qw the Severer (level 11, -5/99 HPs)
             Began as a Minotaur Berserker on Sept 8, 2022.
             Was a Priest of Trog.
             Slain by an eight-headed hydra (9 damage)
             ... on level 1 of the Lair of Beasts.
             The game lasted 00:03:43 (12186 turns).

qw the Severer (Minotaur Berserker)                Turns: 12186, Time: 00:03:43

Health: -5/99      AC: 21    Str: 24    XL:     11   Next: 65%
Magic:  10/10      EV:  9    Int:  3    God:    Trog [***...]
Gold:   693        SH: 10    Dex: 15    Spells: 10/10 levels left

rFire   . . .      SeeInvis +   l - +2 morningstar (flame)
rCold   . . .      Faith    .   h - +0 buckler
rNeg    . . .      Spirit   .   n - +0 plate armour
rPois   .          Reflect  +   (helmet restricted)
rElec   .          Harm     .   p - +0 cloak
rCorr   .          Rampage  .   i - +1 pair of gloves
Will    +....                   a - +2 pair of boots "Karac" {Will+}
Stlth   ..........              g - amulet of reflection
HPRegen 0.26/turn               r - ring of see invisible
MPRegen 0.12/turn               (no ring)

@: on berserk cooldown, slowed, very slow
A: horns 2, retaliatory headbutt, agile 1, MP-powered wands
a: Renounce Religion, Berserk, Trog's Hand


You were on level 1 of the Lair of Beasts.
You worshipped Trog.
Trog was most pleased with you.
You visited 2 branches of the dungeon, and saw 10 of its levels.

You collected 738 gold pieces.
You spent 45 gold pieces at shops.


Innate Abilities, Weirdness & Mutations

You have a pair of horns on your head.
You reflexively headbutt those who attack you in melee.
You are agile. (Dex +4, Str/Int -1)
You expend magic power (3 MP) to strengthen your wands.


   Skills:
 + Level 9.8 Fighting
 - Level 16.2 Axes
 - Level 1.0 Throwing
 - Level 9.0 Armour
 - Level 6.7 Dodging
 - Level 6.0 Shields


You had 10 spell levels left.
You didn't know any spells.
Your spell library was empty.

Inventory:

Hand Weapons
 l - a +2 morningstar of flaming (weapon)
 Y - a +2 war axe
Missiles
 f - 2 boomerangs (quivered)
Armour
 a - the +2 pair of boots "Karac" (worn) {Will+}
   (You acquired it on level 6 of the Dungeon)

   Will:      It increases your willpower.
 h - a +0 buckler (worn)
 i - a +1 pair of gloves (worn)
 n - a +0 plate armour (worn)
 p - a +0 cloak (worn)
Jewellery
 g - an amulet of reflection (around neck)
 m - a ring of ice
 r - a ring of see invisible (left hand)
Scrolls
 j - 3 scrolls of teleportation
 k - a scroll of identify
Potions
 b - a potion of heal wounds
 c - 6 potions of mutation
 d - a potion of might {unknown}
 e - a potion of degeneration {unknown}
 o - 5 potions of curing
 q - a potion of invisibility {unknown}

Dungeon Overview and Level Annotations

Branches:
Dungeon (9/15)             Temple (0/1) D:7            Lair (1/5) D:9
    Orc: D:9-12

Altars:
Cheibriados
Hepliaklqana
Kikubaaqudgha
Nemelex Xobeh
Ru
Trog
Uskayaw
Wu Jian
Yredelemnul
The Shining One

Shops:
D:7 *

Annotations:
D:5 1 runed translucent door, Crazy Yiuf
D:9 2 transporters


Message History

Your +2 morningstar of flaming bursts into flame!
l - a +2 morningstar of flaming (weapon)
The eight-headed hydra bites you.
The eight-headed hydra bites you but does no damage.
You block the eight-headed hydra's attack. x2
The eight-headed hydra bites you but does no damage.
The eight-headed hydra bites you. x2
The eight-headed hydra barely misses you.
You block the blink frog's attack.
You hit the eight-headed hydra. You burn the eight-headed hydra.
The eight-headed hydra is lightly wounded.
The blink frog blinks! x2
The eight-headed hydra bites you but does no damage.
The eight-headed hydra bites you.
You block the eight-headed hydra's attack. x2
The eight-headed hydra bites you but does no damage.
The eight-headed hydra barely misses you.
The eight-headed hydra bites you but does no damage.
The eight-headed hydra closely misses you.
The blink frog blinks! x2
You hit the eight-headed hydra but do no damage.
The eight-headed hydra is lightly wounded.
The blink frog hits you but does no damage.
Your ogre hits the blink frog with a +0 giant spiked club!
The eight-headed hydra bites you!
You block the eight-headed hydra's attack.
The eight-headed hydra bites you but does no damage.
The eight-headed hydra misses you.
The eight-headed hydra closely misses you.
The eight-headed hydra bites you but does no damage.
The eight-headed hydra bites you.
The eight-headed hydra bites you but does no damage.
The blink frog completely misses you.
The blink frog hits you but does no damage.
The eight-headed hydra bites you! x3
The eight-headed hydra bites you but does no damage.
The eight-headed hydra bites you. x2
You block the eight-headed hydra's attack.
The eight-headed hydra bites you!
You die... ##... .... #... #.F. #... #.FS### #.SFDP#

#..F@##
##.h.F##
###.O.##
#....###
##.%.F.#
#.....##
###....##
#...#.##
###....##


You could see an eight-headed hydra, 5 blink frogs, 2 water moccasins, a black
bear, a bullfrog and a friendly ogre (summoned, berserk).

Vanquished Creatures
  Harold (D:9)
  Erolcha (D:9)
  A centaur warrior (D:8)
  A two-headed ogre (D:5)
  Pikel (D:8)
  Joseph (D:8)
  Maggie (D:8)
  An unseen horror (D:8)
  2 komodo dragons (Lair:1)
  2 unseen horror zombies (D:9)
  2 wyverns
  10 yaks
  Sigmund (D:5)
  Eustachio (D:4)
  A steam dragon (D:9)
  Grum (D:9)
  3 water moccasins
  4 black bears
  An ice beast (D:8)
  6 orc warriors
  A sky beast (D:6)
  5 ogres
  7 wolves
  2 phantoms (D:4)
  4 centaurs
  3 lemures (D:8)
  4 kobold brigands
  6 bullfrogs
  3 necrophages
  A gnoll sergeant (D:8)
  5 scorpions
  2 wights (D:9)
  3 killer bees (D:9)
  7 howler monkeys
  A centaur zombie (D:9)
  A human zombie (D:9)
  2 jellies
  3 gnoll boudas (D:8)
  A hound (D:7)
  3 orc priests
  5 iguanas
  6 orc wizards
  6 hell rats (Lair:1)
  2 mummies (D:9)
  2 howler monkey zombies (D:9)
  13 gnolls (D:8)
  Robin (D:3)
  3 adders
  A shadow imp (D:7)
  3 white imps
  4 dart slugs
  29 orcs
  6 bats
  7 endoplasms
  4 giant cockroaches
  11 goblins
  12 hobgoblins
  A jackal (D:5)
  16 kobolds
  3 quokkas
  11 ball pythons
  3 frilled lizards
  6 rats
  A spectral orc (D:9)
262 creatures vanquished.

Vanquished Creatures (others)
  27 fungi
  41 plants
68 creatures vanquished.

Grand Total: 330 creatures vanquished

Notes
Turn   | Place    | Note
-------+----------+-------------------------------------------
     0 | D:1      | qw the Minotaur Berserker began the quest for the Orb.
     0 | D:1      | Reached XP level 1. HP: 19/19 MP: 0/0
     0 | D:1      | 0 ||| qw: Version: 0.1-a-112-g44dc6cd
     0 | D:1      | 0 ||| qw: Game counter: 6789
     0 | D:1      | 0 ||| qw: Always use a shield: true
     0 | D:1      | 0 ||| qw: Do Orc after D:15 true
     0 | D:1      | 0 ||| qw: Do second Lair branch before Depths: true
     0 | D:1      | 0 ||| qw: Lair rune preference: random
     0 | D:1      | 0 ||| qw: Plans: Normal
     0 | D:1      | 0 ||| PLANNING D:1-11
   206 | D:1      | Reached skill level 4 in Axes
   222 | D:1      | Reached XP level 2. HP: 22/26 MP: 1/1
   363 | D:1      | 363 ||| DROPPING +0 club.
   929 | D:1      | 929 ||| UPGRADING to +0 pair of gloves.
   934 | D:1      | 934 ||| UPGRADING to +0 leather armour.
   944 | D:1      | 944 ||| DROPPING +0 animal skin.
   945 | D:1      | 945 ||| UPGRADING to amulet of reflection.
   950 | D:1      | 950 ||| READING scroll labelled OCZOCV HUKHIT.
   953 | D:1      | 953 ||| READING scroll labelled KAORIU USYT.
   954 | D:1      | 954 ||| READING scroll labelled AGUOCZINW VIFA.
   955 | D:1      | 955 ||| DRINKING 2 smoky black potions.
   955 | D:1      | Gained mutation: You expend magic power (3 MP) to
                  | strengthen your wands. [potion of mutation]
   955 | D:1      | Gained mutation: You are agile. (Dex +4, Str/Int -1)
                  | [potion of mutation]
  1044 | D:2      | 1044 ||| Stepping ~*~*~tactically~*~*~ (stealth).
  1048 | D:2      | Reached skill level 5 in Axes
  1128 | D:2      | 1128 ||| Stepping ~*~*~tactically~*~*~ (stealth).
  1129 | D:2      | 1129 ||| Stepping ~*~*~tactically~*~*~ (stealth).
  1131 | D:2      | 1131 ||| Stepping ~*~*~tactically~*~*~ (stealth).
  1153 | D:2      | Reached XP level 3. HP: 29/31 MP: 2/2
  1167 | D:2      | 1167 ||| Stepping ~*~*~tactically~*~*~ (stealth).
  1169 | D:2      | 1169 ||| Stepping ~*~*~tactically~*~*~ (stealth).
  1171 | D:2      | 1171 ||| Stepping ~*~*~tactically~*~*~ (stealth).
  1174 | D:2      | Reached ** piety under Trog
  1616 | D:2      | 1616 ||| Stepping ~*~*~tactically~*~*~ (stealth).
  1662 | D:2      | 1662 ||| Stepping ~*~*~tactically~*~*~ (stealth).
  1663 | D:2      | 1663 ||| Stepping ~*~*~tactically~*~*~ (stealth).
  1777 | D:2      | 1777 ||| UPGRADING to +0 ring mail.
  1787 | D:2      | 1787 ||| DROPPING scarf of shadows.
  1788 | D:2      | 1788 ||| UPGRADING to +0 scale mail.
  1798 | D:2      | 1798 ||| DROPPING +0 ring mail.
  1799 | D:2      | 1799 ||| UPGRADING to +1 pair of gloves.
  1809 | D:2      | 1809 ||| DROPPING +0 pair of gloves.
  1810 | D:2      | 1810 ||| DROPPING +0 leather armour.
  1811 | D:2      | 1811 ||| UPGRADING to +0 cloak.
  1816 | D:2      | 1816 ||| READING 2 scrolls labelled QUMAALU JYUG.
  1817 | D:2      | 1817 ||| READING scroll labelled MOMUEHOMNY.
  1818 | D:2      | 1818 ||| READING scroll labelled KUHUYPLO ZUEC.
  1819 | D:2      | 1819 ||| READING scroll labelled ARAD CUIKOCEOSU.
  1820 | D:2      | 1820 ||| DRINKING 2 lumpy ruby potions.
  1821 | D:2      | 1821 ||| DROPPING potion of magic.
  1867 | D:3      | 1867 ||| Stepping ~*~*~tactically~*~*~ (hiding).
  1868 | D:3      | 1868 ||| Stepping ~*~*~tactically~*~*~ (stealth).
  1872 | D:3      | 1872 ||| INVOKING Berserk.
  1876 | D:3      | Reached skill level 6 in Axes
  1876 | D:3      | Reached XP level 4. HP: 39/39 MP: 3/3
  2001 | D:3      | 2001 ||| SWAPPING to +0 war axe.
  2002 | D:3      | 2002 ||| DROPPING +0 vorpal hand axe.
  2161 | D:3      | Noticed Robin
  2162 | D:3      | 2162 ||| Stepping ~*~*~tactically~*~*~ (hiding).
  2169 | D:3      | 2169 ||| INVOKING Berserk.
  2170 | D:3      | Killed Robin
  2180 | D:3      | 2180 ||| Stepping ~*~*~tactically~*~*~ (stealth).
  2181 | D:3      | 2181 ||| Stepping ~*~*~tactically~*~*~ (stealth).
  2182 | D:3      | 2182 ||| Stepping ~*~*~tactically~*~*~ (stealth).
  2239 | D:3      | Found a sacrificial altar of Ru.
  2273 | D:3      | Reached *** piety under Trog
  2409 | D:3      | Found a faded altar of an unknown god.
  2485 | D:3      | 2485 ||| READING scroll labelled WOACUA OLLELU.
  2486 | D:3      | 2486 ||| READING scroll labelled TOHEPR SEHUUSIECHI.
  2512 | D:4      | 2512 ||| INVOKING Berserk.
  2516 | D:4      | Reached skill level 7 in Axes
  2516 | D:4      | Reached XP level 5. HP: 45/45 MP: 4/4
  2516 | D:4      | 2516 ||| STAIRDANCE
  2560 | D:4      | Noticed a black bear
  2564 | D:4      | 2564 ||| INVOKING Berserk.
  2569 | D:4      | Killed a black bear
  2757 | D:4      | 2757 ||| Stepping ~*~*~tactically~*~*~ (stealth).
  2762 | D:4      | 2762 ||| Stepping ~*~*~tactically~*~*~ (stealth).
  2853 | D:4      | Found a bloodstained altar of Trog.
  2891 | D:4      | Noticed Eustachio
  2893 | D:4      | 2893 ||| Stepping ~*~*~tactically~*~*~ (stealth).
  2895 | D:4      | 2895 ||| INVOKING Berserk.
  2899 | D:4      | Killed Eustachio
  2900 | D:4      | Reached skill level 8 in Axes
  2900 | D:4      | Reached XP level 6. HP: 56/56 MP: 5/5
  3087 | D:4      | 3087 ||| FLEEEEING.
  3088 | D:4      | 3088 ||| FLEEEEING.
  3089 | D:4      | 3089 ||| FLEEEEING.
  3093 | D:4      | 3093 ||| STAIRDANCE
  3160 | D:3      | 3160 ||| READING scroll labelled SIPNUUSOEN.
  3270 | D:4      | 3270 ||| Stepping ~*~*~tactically~*~*~ (hiding).
  3273 | D:4      | 3273 ||| Stepping ~*~*~tactically~*~*~ (hiding).
  3481 | D:4      | Reached skill level 9 in Axes
  3481 | D:4      | Reached XP level 7. HP: 52/61 MP: 6/6
  3529 | D:4      | Found a hazy altar of Hepliaklqana.
  3597 | D:5      | Entered Level 5 of the Dungeon
  3688 | D:5      | Found a runed translucent door.
  3689 | D:5      | Noticed Crazy Yiuf
  3857 | D:5      | 3857 ||| INVOKING Berserk.
  4003 | D:5      | Reached skill level 10 in Axes
  4146 | D:5      | Noticed Sigmund
  4152 | D:5      | 4152 ||| INVOKING Berserk.
  4155 | D:5      | Killed Sigmund
  4165 | D:5      | 4165 ||| Stepping ~*~*~tactically~*~*~ (water).
  4266 | D:5      | Reached skill level 6 in Fighting
  4266 | D:5      | Reached XP level 8. HP: 63/70 MP: 7/7
  4358 | D:5      | Noticed a two-headed ogre
  4360 | D:5      | 4360 ||| INVOKING Berserk.
  4364 | D:5      | Killed a two-headed ogre
  4365 | D:5      | Reached skill level 6 in Dodging
  4530 | D:5      | Found a hide-covered altar of Uskayaw.
  4613 | D:5      | 4613 ||| READING scroll of enchant weapon.
  4613 | D:5      | 4613 ||| ENCHANTING +1 war axe.
  4669 | D:5      | Found a sparkling altar of Nemelex Xobeh.
  4792 | D:5      | 4792 ||| DROPPING amulet of the acrobat.
  4793 | D:5      | 4793 ||| READING 3 scrolls of identify.
  4793 | D:5      | 4793 ||| IDENTIFYING green potion
  4794 | D:5      | 4794 ||| READING 2 scrolls of identify.
  4794 | D:5      | 4794 ||| IDENTIFYING smoky clear potion
  4795 | D:5      | 4795 ||| DROPPING potion of brilliance.
  4849 | D:6      | 4849 ||| Stepping ~*~*~tactically~*~*~ (hiding).
  4850 | D:6      | 4850 ||| Stepping ~*~*~tactically~*~*~ (hiding).
  5073 | D:6      | 5073 ||| INVOKING Berserk.
  5188 | D:6      | 5188 ||| DROPPING +0 whip.
  5687 | D:6      | Reached skill level 1 in Throwing
  5687 | D:6      | Reached XP level 9. HP: 75/75 MP: 8/8
  5727 | D:6      | Reached skill level 11 in Axes
  5742 | D:6      | Reached skill level 12 in Axes
  5742 | D:6      | 5742 ||| INVOKING Berserk.
  6042 | D:6      | 6042 ||| Stepping ~*~*~tactically~*~*~ (hiding).
  6045 | D:6      | 6045 ||| Stepping ~*~*~tactically~*~*~ (hiding).
  6048 | D:6      | 6048 ||| INVOKING Berserk.
  6157 | D:6      | 6157 ||| Stepping ~*~*~tactically~*~*~ (hiding).
  6159 | D:6      | 6159 ||| Stepping ~*~*~tactically~*~*~ (hiding).
  6160 | D:6      | 6160 ||| Stepping ~*~*~tactically~*~*~ (hiding).
  6164 | D:6      | 6164 ||| INVOKING Berserk.
  6595 | D:6      | 6595 ||| UPGRADING to +0 chain mail.
  6605 | D:6      | 6605 ||| DROPPING +0 scale mail.
  6606 | D:6      | 6606 ||| READING scroll labelled OJADATAJEIQ.
  6606 | D:6      | Identified a scroll of acquirement
  6606 | D:6      | 6606 ||| ACQUIRING +2 pair of boots "Karac" {Will+}
  6606 | D:6      | Acquired the +2 pair of boots "Karac" {Will+}
  6608 | D:6      | 6608 ||| UPGRADING to +2 pair of boots "Karac" {Will+}.
  6613 | D:6      | 6613 ||| READING 2 scrolls of identify.
  6613 | D:6      | 6613 ||| IDENTIFYING fuming amethyst potion
  6614 | D:6      | 6614 ||| DROPPING potion of ambrosia.
  6654 | D:7      | 6654 ||| STAIRDANCE
  6838 | D:7      | 6838 ||| Stepping ~*~*~tactically~*~*~ (stealth).
  6844 | D:7      | 6844 ||| INVOKING Berserk.
  7174 | D:7      | Found Isuffu's General Store.
  7200 | D:7      | Found a staircase to the Ecumenical Temple.
  7218 | D:7      | 7218 ||| INVOKING Berserk.
  7220 | D:7      | Reached skill level 13 in Axes
  7365 | D:7      | 7365 ||| Stepping ~*~*~tactically~*~*~ (stealth).
  7398 | D:7      | 7398 ||| Stepping ~*~*~tactically~*~*~ (stealth).
  7475 | D:7      | 7475 ||| DROPPING +0 flail.
  7523 | D:7      | 7523 ||| INVOKING Berserk.
  7538 | D:7      | Reached skill level 6 in Armour
  7706 | D:7      | 7706 ||| INVOKING Berserk.
  7813 | D:7      | Found a glowing golden altar of the Shining One.
  7814 | D:7      | Found an ornate altar of the Wu Jian Council.
  8009 | D:7      | 8009 ||| BUYING potion of curing (45 gold).
  8009 | D:7      | Bought a potion of curing for 45 gold pieces
  8243 | D:7      | 8243 ||| UPGRADING to +0 plate armour.
  8253 | D:7      | 8253 ||| DROPPING +0 chain mail.
  8254 | D:7      | 8254 ||| DRINKING 2 bubbling silvery potions.
  8255 | D:7      | 8255 ||| DRINKING 2 lumpy orange potions.
  8256 | D:7      | 8256 ||| DROPPING potion of flight.
  8257 | D:7      | 8257 ||| DROPPING potion of attraction.
  8337 | D:8      | 8337 ||| FLEEEEING.
  8338 | D:8      | 8338 ||| FLEEEEING.
  8339 | D:8      | 8339 ||| FLEEEEING.
  8340 | D:8      | 8340 ||| FLEEEEING.
  8341 | D:8      | 8341 ||| STAIRDANCE
  8445 | D:8      | Killed an unseen horror
  8515 | D:8      | 8515 ||| Stepping ~*~*~tactically~*~*~ (stealth).
  8620 | D:8      | 8620 ||| Stepping ~*~*~tactically~*~*~ (stealth).
  8623 | D:8      | Reached XP level 10. HP: 86/86 MP: 9/9
  8625 | D:8      | Noticed Pikel
  8644 | D:8      | Killed Pikel
  8760 | D:8      | 8760 ||| INVOKING Berserk.
  8881 | D:8      | Noticed Maggie
  8889 | D:8      | Killed Maggie
  8892 | D:8      | 8892 ||| DROPPING +1 flail of protection.
  8905 | D:8      | 8905 ||| INVOKING Berserk.
  9093 | D:8      | 9093 ||| Stepping ~*~*~tactically~*~*~ (hiding).
  9099 | D:8      | 9099 ||| Stepping ~*~*~tactically~*~*~ (hiding).
  9100 | D:8      | 9100 ||| Stepping ~*~*~tactically~*~*~ (hiding).
  9113 | D:8      | Reached **** piety under Trog
  9124 | D:8      | Noticed a centaur warrior
  9128 | D:8      | Killed a centaur warrior
  9129 | D:8      | Reached skill level 14 in Axes
  9158 | D:8      | 9158 ||| FLEEEEING.
  9159 | D:8      | 9159 ||| FLEEEEING.
  9160 | D:8      | 9160 ||| FLEEEEING.
  9161 | D:8      | 9161 ||| FLEEEEING.
  9162 | D:8      | 9162 ||| FLEEEEING.
  9163 | D:8      | 9163 ||| FLEEEEING.
  9164 | D:8      | 9164 ||| STAIRDANCE
  9362 | D:8      | Found a snail-covered altar of Cheibriados.
  9556 | D:8      | Reached skill level 15 in Axes
  9594 | D:8      | 9594 ||| Stepping ~*~*~tactically~*~*~ (stealth).
  9603 | D:8      | 9603 ||| FLEEEEING.
  9617 | D:8      | 9617 ||| Stepping ~*~*~tactically~*~*~ (hiding).
  9621 | D:8      | 9621 ||| INVOKING Berserk.
  9632 | D:8      | Reached skill level 9 in Fighting
  9647 | D:8      | HP: 21/91 [gnoll/+1 halberd of venom[a gnoll bouda] (5)]
  9648 | D:8      | 9648 ||| READING 4 scrolls of teleportation.
  9649 | D:8      | 9649 ||| DRINKING 2 potions of heal wounds.
  9850 | D:8      | 9850 ||| INVOKING Berserk.
  9985 | D:8      | Noticed Joseph
  9986 | D:8      | 9986 ||| Stepping ~*~*~tactically~*~*~ (hiding).
  9988 | D:8      | 9988 ||| Stepping ~*~*~tactically~*~*~ (hiding).
  9990 | D:8      | 9990 ||| Stepping ~*~*~tactically~*~*~ (hiding).
 10001 | D:8      | Killed Joseph
 10002 | D:8      | Reached skill level 9 in Armour
 10002 | D:8      | Reached XP level 11. HP: 97/97 MP: 10/10
 10025 | D:8      | 10025 ||| Stepping ~*~*~tactically~*~*~ (stealth).
 10027 | D:8      | 10027 ||| Stepping ~*~*~tactically~*~*~ (hiding).
 10266 | D:8      | 10266 ||| UPGRADING to +0 buckler.
 10271 | D:8      | 10271 ||| READING scroll labelled YFENWAEMIO.
 10366 | D:9      | Found a basalt altar of Yredelemnul.
 10377 | D:9      | Noticed Grum
 10378 | D:9      | 10378 ||| Stepping ~*~*~tactically~*~*~ (hiding).
 10381 | D:9      | 10381 ||| INVOKING Berserk.
 10383 | D:9      | Killed Grum
 10384 | D:9      | Reached skill level 1 in Shields
 10624 | D:9      | 10624 ||| Stepping ~*~*~tactically~*~*~ (hiding).
 10636 | D:9      | Reached skill level 3 in Shields
 10686 | D:9      | 10686 ||| Stepping ~*~*~tactically~*~*~ (stealth).
 10690 | D:9      | Noticed Harold
 10696 | D:9      | 10696 ||| INVOKING Berserk.
 10704 | D:9      | Killed Harold
 10769 | D:9      | 10769 ||| Stepping ~*~*~tactically~*~*~ (stealth).
 10773 | D:9      | 10773 ||| Stepping ~*~*~tactically~*~*~ (stealth).
 10869 | D:9      | Found a flagged portal.
 10871 | D:9      | 10871 ||| Stepping ~*~*~tactically~*~*~ (cloud).
 10875 | D:9      | 10875 ||| INVOKING Berserk.
 11113 | D:9      | Found an ancient bone altar of Kikubaaqudgha.
 11139 | D:9      | Found a transporter.
 11140 | D:9      | Found a transporter.
 11178 | D:9      | 11178 ||| Stepping ~*~*~tactically~*~*~ (stealth).
 11180 | D:9      | Found a staircase to the Lair.
 11181 | D:9      | 11181 ||| INVOKING Berserk.
 11195 | D:9      | 11195 ||| Stepping ~*~*~tactically~*~*~ (stealth).
 11515 | D:9      | Noticed Erolcha
 11516 | D:9      | 11516 ||| Stepping ~*~*~tactically~*~*~ (hiding).
 11518 | D:9      | 11518 ||| INVOKING Trog's Hand.
 11519 | D:9      | 11519 ||| INVOKING Berserk.
 11523 | D:9      | Killed Erolcha
 11524 | D:9      | Reached skill level 16 in Axes
 11905 | D:9      | 11905 ||| PLANNING LAIR
 11905 | D:9      | 11905 ||| UPGRADING to ring of see invisible.
 11959 | Lair:1   | Entered Level 1 of the Lair of Beasts
 11975 | Lair:1   | 11975 ||| INVOKING Berserk.
 12112 | Lair:1   | Reached skill level 6 in Shields
 12167 | Lair:1   | 12167 ||| INVOKING Berserk.
 12176 | Lair:1   | Noticed an eight-headed hydra
 12177 | Lair:1   | 12177 ||| INVOKING Brothers in Arms.
 12178 | Lair:1   | 12178 ||| INVOKING Brothers in Arms.
 12179 | Lair:1   | 12179 ||| INVOKING Brothers in Arms.
 12180 | Lair:1   | 12180 ||| INVOKING Brothers in Arms.
 12181 | Lair:1   | 12181 ||| INVOKING Brothers in Arms.
 12182 | Lair:1   | 12182 ||| INVOKING Brothers in Arms.
 12183 | Lair:1   | 12183 ||| INVOKING Brothers in Arms.
 12184 | Lair:1   | 12184 ||| SWAPPING to +2 morningstar of flaming.
 12186 | Lair:1   | HP: 19/99 [eight-headed hydra (8)]
 12186 | Lair:1   | HP: 7/99 [eight-headed hydra (4)]
 12186 | Lair:1   | Slain by an eight-headed hydra

Levels and vault maps discovered:
D:1:      lightli_arrival_quake, layout_basic, minmay_misc_feat_tower,
          minivault_11
D:2:      layout_loops_ring, minmay_quadrilaterals
D:3:      layout_basic, nicolae_ru_awakened_eye, serial_corexii_hall,
          chequers_hall_statues_y, corexii_hall_statues_x,
          chequers_ecumenical_altar_island, uniq_robin
D:4:      layout_cave_pools, trog_three_pillars_becter,
          nicolae_hepliaklqana_hippocampus, nicolae_underground_beach,
          uniq_eustachio
D:5:      layout_loops_ring, lemuel_round_altar, nemelex_diamond_rough_becter,
          minmay_manual_mullet, uniq_sigmund, uniq_crazy_yiuf_cottage
D:6:      layout_layer_cave
D:7:      layout_loops_corners, gammafunk_temple_overflow_pools,
          minmay_temple_entry_overgrown, serial_shops, nicolae_shop_waterfront
D:8:      kennysheep_seaside_town, layout_cave_pools, cheibriados_altar_1,
          grunt_potential, uniq_maggie, uniq_joseph, uniq_pikel
D:9:      gammafunk_boulding_lane, layout_irregular_city,
          yredelemnul_forgotten_temple_becter,
          lemuel_mausoleum_altar_kikubaaqudgha, grunt_lair_entry_orc_guard_hut,
          enter_bailey_2, serial_co_window_serial, co_window_corner_a,
          co_window_paths_b, co_window_paths_b, co_window_paths_a,
          co_window_paths_b, co_window_corner_a, co_window_paths_a,
          co_window_2corner, co_window_unsneaky_path_e,
          co_window_unsneaky_path_e, co_window_unsneaky_path_d,
          co_window_of_opportunity_b, co_window_unsneaky_path_a,
          glass_columns_a, glass_columns_a, glass_columns_a, uniq_erolcha,
          uniq_grum, uniq_harold
Lair:1:   layout_concentric_octagons, wad_woods_road_02

Skill      XL: |  1  2  3  4  5  6  7  8  9 10 11 |
---------------+----------------------------------+-----
Axes           | 4 5 6 7 8 9 10 13 15 16 | 16.2
Fighting       | 5 6 7 9 |  9.8
Armour         | 4 7 9 |  9.0
Dodging        | 6 |  6.7
Throwing       | 1 |  1.0
Shields        | 6 |  6.0

Action                   |  1- 3 |  4- 6 |  7- 9 | 10-12 || total
-------------------------+-------+-------+-------+-------++-------
Melee: Hand axe          |    88 |     6 |       |       ||    94
       Headbutt          |    11 |    15 |    29 |    52 ||   107
       War axe           |       |    78 |   133 |   284 ||   495
       Punch             |       |     1 |     2 |     4 ||     7
       Unarmed           |       |       |       |     6 ||     6
       Morningstar       |       |       |       |     2 ||     2
Throw: Boomerang         |       |       |    26 |    52 ||    78
Invok: Berserk           |     1 |     4 |    11 |    11 ||    27
       Trog's Hand       |       |       |       |     1 ||     1
       Brothers in Arms  |       |       |       |     1 ||     1
  Use: Scroll            |     7 |     3 |     5 |     2 ||    17
       Potion            |     2 |       |     2 |     1 ||     5
 Stab: Confused          |       |       |       |     2 ||     2
Armor: Animal skin       |     4 |       |       |       ||     4
       Leather armour    |     6 |       |       |       ||     6
       Scale mail        |     2 |    26 |    20 |       ||    48
       Plate armour      |       |       |    28 |   171 ||   199
       Chain mail        |       |       |    12 |       ||    12
       Skin              |       |       |       |     1 ||     1
Dodge: Dodged            |    39 |    24 |    41 |   109 ||   213
Block: Other             |     8 |    15 |    17 |    30 ||    70
       Reflection        |       |       |     1 |     2 ||     3
       Buckler           |       |       |       |    69 ||    69

Table legend:
 A = Non-vault XP
 B = Vault XP
 C = Vault XP percentage of total XP
 D = Non-vault monster count
 E = Vault monster count
 F = Vault count percentage of total count
                 A         B        C        D         E       F
            +---------+---------+-------+---------+---------+-------
      Total |    6953 |   11104 |  61.5 |     157 |     102 |  39.4
            +---------+---------+-------+---------+---------+-------
        D:1 |      33 |       0 |   0.0 |      21 |       0 |   0.0
        D:2 |      42 |       9 |  17.6 |      19 |       4 |  17.4
        D:3 |      69 |      33 |  32.4 |      17 |      11 |  39.3
        D:4 |     454 |     196 |  30.2 |      15 |       1 |   6.2
        D:5 |     348 |    1301 |  78.9 |       5 |       6 |  54.5
        D:6 |    1680 |       0 |   0.0 |      16 |       0 |   0.0
        D:7 |     834 |       0 |   0.0 |      25 |       0 |   0.0
        D:8 |     863 |    5421 |  86.3 |      16 |      54 |  77.1
        D:9 |     956 |    4054 |  80.9 |       9 |      25 |  73.5
     Lair:1 |    1674 |      90 |   5.1 |      14 |       1 |   6.7
            +---------+---------+-------+---------+---------+-------
